 Dungeon Crawl Stone Soup version 0.29-a0-474-gdfe5cd140f (webtiles) character file.

Game seed: 16286961548238620408

19861 hquester the Unseen (level 12, -1/63 HPs)
             Began as a Spriggan Hunter on May 21, 2022.
             Was an Initiate of Sif Muna.
             Slain by an entropy weaver simulacrum (18 damage)
             ... in an ice cave on May 23, 2022.
             The game lasted 02:12:24 (21039 turns).

hquester the Unseen (Spriggan Hunter)              Turns: 21039, Time: 02:12:24

Health: -1/63      AC:  6    Str:  9    XL:     12   Next: 40%
Magic:  19/19      EV: 25    Int: 10    God:    Sif Muna [......]
Gold:   655        SH:  0    Dex: 22    Spells: 19/19 levels left

rFire   + . .      SeeInvis +   y - +2 dagger (venom)
rCold   + . .      Faith    .   (no shield)
rNeg    + . .      Spirit   .   G - +0 acid dragon scales
rPois   +          Reflect  .   (helmet restricted)
rElec   +          Harm     .   A - scarf {+Inv}
rCorr   +          Rampage  .   (gloves unavailable)
Will    ++...                   (boots unavailable)
Stlth   +++++++...              l - amulet of magic regeneration
HPRegen 0.20/turn               s - ring of wizardry
MPRegen 0.56/turn               p - ring of positive energy

@: resistant, very quick
A: very small, no large weapons, unfitting armour, see invisible, speed 3
a: Renounce Religion, Evoke Invisibility


You were in an ice cave.
You worshipped Sif Muna.
Sif Muna was noncommittal.
You visited 3 branches of the dungeon, and saw 14 of its levels.
You also visited: Ice Cave.

You collected 655 gold pieces.

Inventory:

Hand Weapons
 a - a +1 shortbow
 m - a +2 dagger of speed
 y - a +2 dagger of venom (weapon)
Armour
 b - a +1 robe
 u - a +0 cloak of poison resistance
 A - a scarf of invisibility (worn)
 G - +0 acid dragon scales (worn)
Jewellery
 l - an amulet of magic regeneration (around neck)
 p - a ring of positive energy (right hand)
 s - a ring of wizardry (left hand)
 C - a ring of protection from fire
 D - a ring of flight
Wands
 h - a wand of flame (4)
 q - a wand of polymorph (15)
 t - a wand of acid (20)
 w - a wand of iceblast (10)
 x - a wand of mindburst (17)
 B - a wand of paralysis (3)
Scrolls
 c - 3 scrolls of immolation
 g - 8 scrolls of identify
 i - 3 scrolls of torment
 k - a scroll of fog
 v - 2 scrolls of blinking
 E - a scroll of summoning {unknown}
 F - a scroll of vulnerability
Potions
 d - a potion of might
 e - 2 potions of mutation
 j - 6 potions of curing
 n - a potion of magic
 o - 3 potions of lignification
 z - a potion of haste


   Skills:
 + Level 7.3 Fighting
 + Level 9.6 Short Blades
 + Level 11.6 Bows
 + Level 0.7 Armour
 + Level 11.3 Dodging
 + Level 16.8 Stealth
 + Level 4.0 Spellcasting


You had 19 spell levels left.
You didn't know any spells.
Your spell library contained the following spells:

 Spells                   Type           Power      Damage    Failure   Level
 Magic Dart               Conj           8%         1d3       16%         1
 Call Imp                 Summ           2%         N/A       26%         2
 Searing Ray              Conj           4%         2d4       26%         2
 Sublimation of Blood     Necr           2%         N/A       26%         2
 Mephitic Cloud           Conj/Pois/Air  2%         N/A       43%         3
 Fulminant Prism          Conj/Hex       1%         3d6       82%         4
 Petrify                  Tmut/Erth      2%         N/A       82%         4
 Irradiate                Conj/Tmut      1%         3d13      98%         5
 Malign Gateway           Summ/Tloc      1%         N/A       100%        7
 Summon Horrible Things   Summ           1%         N/A       100%        8


Dungeon Overview and Level Annotations

Branches:
Dungeon (12/15)            Temple (1/1) D:7            Lair (1/6) D:9
    Orc (0/2) D:11          IceCv (1/1)

Altars:
Ashenzari
Cheibriados
Dithmenos
Elyvilon
Fedhas
Gozag
Hepliaklqana
Kikubaaqudgha
Makhleb
Nemelex Xobeh
Okawaru
Qazlal
Ru
Sif Muna
Trog
Uskayaw
Vehumet
Wu Jian
Xom
Yredelemnul
Zin
The Shining One
Beogh

Shops:
D:1 *   D:10 (

Annotations:
D:12 3 runed translucent doors, Taurus's ghost, journeyman MiFi IceCv exclusion: 2 ice statues


Innate Abilities, Weirdness & Mutations

You are very small and have problems with some larger weapons.
You are too small for most types of armour.
You have supernaturally acute eyesight. (SInv)
You cover ground extremely quickly. (Speed+++)


Message History

The ice beast completely misses you.
You feel protected. The ice beast completely misses you.
The elephant simulacrum completely misses you.
The elephant simulacrum misses you. The ice devil closely misses you.
The ice beast misses you. The ice beast completely misses you.
Really walk into a travel-excluded area?
The ice statue glitters chillingly in the dim dungeon light.
The ice statue gestures.
There is a fountain of sparkling water here.
You open the door.
There is an open door here.
You close the door.
You open the door.
An anaconda simulacrum comes into view.
There is an open door here.
The helpless anaconda simulacrum fails to defend itself.
You perforate the anaconda simulacrum like a sieve!!!!!
The anaconda simulacrum vaporises!
Sif Muna accepts your kill.
You open the door.
An anaconda simulacrum comes into view.
There is an open door here.
The helpless anaconda simulacrum fails to defend itself.
You perforate the anaconda simulacrum like a sieve!!!!!
The anaconda simulacrum vaporises!
Sif Muna accepts your kill.
Your Spellcasting skill increases to level 4!
You open the door.
An entropy weaver simulacrum comes into view.
You hit the entropy weaver simulacrum.
The entropy weaver simulacrum is lightly damaged.
The entropy weaver simulacrum hits you!
The entropy weaver simulacrum freezes you!
You resist. The entropy weaver simulacrum hits you.
* * * LOW HITPOINT WARNING * * *
The entropy weaver simulacrum freezes you!!
You resist.
You die...

####### ###.....# #####
#........ # #.#°#
####....... +#+#.#Z#'###
#⌠.#....... .......@.'.#
?4#.......
.8.8.8.8.########.......
..............#.....4...
..............+...Y.Y...
..............#.........
.8.8.8.8.########.......
.........+ +$4#.......
+#+#.#+#+# #⌠4#.......
#. ####.......


You could see an entropy weaver simulacrum.

Vanquished Creatures
  2 two-headed ogres
  2 hydras (D:11)
  A boulder beetle (D:12)
  2 skeletal warriors (D:12)
  An orc knight (D:11)
  A deep elf pyromancer (D:12)
  A cyclops (D:11)
  An ugly thing (D:11)
  3 manticores (D:12)
  3 slime creatures (D:12)
  2 anaconda simulacra (IceCv)
  A troll (D:12)
  2 hornets
  Prince Ribbit (D:8)
  A shadow (D:11)
  8 wyverns
  2 wraiths (D:11)
  33 yaks
  2 steam dragons (D:7)
  A death yak simulacrum (Lair:1)
  2 basilisks (D:9)
  5 water moccasins
  Edmund (D:5)
  2 acid dragons
  2 black bears
  A sky beast (D:6)
  4 orc warriors
  2 centaurs
  An ogre (D:6)
  A phantom (D:5)
  A kobold brigand (D:7)
  2 bullfrogs (D:8)
  3 scorpions
  6 wights
  An elephant simulacrum (IceCv)
  10 killer bees
  A howler monkey (D:5)
  4 hounds
  A jelly (D:5)
  Crazy Yiuf (D:6)
  2 gnoll shamans
  5 orc priests
  4 iguanas
  6 orc wizards
  Natasha (thrice) (D:2)
  A spriggan simulacrum (IceCv)
  A troll simulacrum (IceCv)
  4 adders
  4 gnolls
  2 shadow imps
  A white imp (D:5)
  5 ufetubi
  3 worms
  5 dart slugs
  53 orcs
  6 ball pythons
  8 endoplasms
  4 giant cockroaches
  12 goblins
  7 hobgoblins
  4 jackals
  7 quokkas
  6 bats
  A frilled lizard (D:1)
  19 kobolds
  9 rats
303 creatures vanquished.

Vanquished Creatures (others)
  5 bushes (D:9)
  6 fungi (D:9)
  23 plants (D:9)
34 creatures vanquished.

Grand Total: 337 creatures vanquished

Notes
Turn   | Place    | Note
-------+----------+-------------------------------------------
     0 | D:1      | hquester the Spriggan Hunter began the quest for the Orb.
     0 | D:1      | Reached XP level 1. HP: 10/10 MP: 2/2
    32 | D:1      | Reached skill level 2 in Stealth
   134 | D:1      | Reached XP level 2. HP: 15/15 MP: 3/3
   181 | D:1      | Found Oqonoph's Assorted Antiques.
   191 | D:1      | Found a faded altar of an unknown god.
   213 | D:1      | Reached skill level 5 in Bows
   337 | D:1      | Reached skill level 3 in Stealth
   406 | D:1      | Reached XP level 3. HP: 18/18 MP: 4/4
   773 | D:2      | Found a bloodstained altar of Trog.
   804 | D:2      | Reached skill level 4 in Stealth
   986 | D:2      | Reached XP level 4. HP: 23/23 MP: 5/5
  1080 | D:2      | Noticed Natasha
  1091 | D:2      | Killed Natasha
  1179 | D:2      | Noticed Natasha
  1195 | D:2      | Killed Natasha
  1406 | D:2      | Noticed Natasha
  1408 | D:2      | Killed Natasha
  1409 | D:2      | Reached skill level 5 in Stealth
  1409 | D:2      | Reached XP level 5. HP: 27/27 MP: 6/6
  2165 | D:4      | Reached skill level 1 in Short Blades
  2165 | D:4      | Reached skill level 6 in Stealth
  2165 | D:4      | Reached XP level 6. HP: 28/32 MP: 7/7
  2727 | D:5      | Entered Level 5 of the Dungeon
  3071 | D:5      | Reached skill level 7 in Stealth
  3083 | D:5      | Reached XP level 7. HP: 36/36 MP: 8/8
  3511 | D:5      | Reached skill level 5 in Dodging
  3675 | D:5      | Noticed Edmund
  3737 | D:5      | Killed Edmund
  3858 | D:5      | Reached skill level 8 in Stealth
  4415 | D:6      | Reached XP level 8. HP: 39/40 MP: 9/9
  4736 | D:6      | Reached skill level 9 in Stealth
  5501 | D:6      | Found a runed translucent door.
  5502 | D:6      | Noticed Crazy Yiuf
  5504 | D:6      | Identified the +2 mace "Mohar" {vorpal, *Slow rC- Str+7}
  5528 | D:6      | Killed Crazy Yiuf
  6094 | D:7      | Reached skill level 10 in Stealth
  6253 | D:7      | Found a staircase to the Ecumenical Temple.
  6792 | D:7      | Reached skill level 11 in Stealth
  6792 | D:7      | Reached XP level 9. HP: 25/46 MP: 10/10
  7814 | D:8      | Noticed Prince Ribbit
  7961 | D:8      | Killed Prince Ribbit
  8258 | D:8      | Reached skill level 5 in Short Blades
  8445 | D:8      | Reached skill level 12 in Stealth
  9463 | D:8      | Reached skill level 5 in Fighting
 10144 | D:9      | Found an opulent altar of Gozag.
 10200 | D:9      | Reached skill level 13 in Stealth
 10200 | D:9      | Reached XP level 10. HP: 7/51 MP: 11/11
 10776 | D:9      | Upgraded the game from 0.29-a0-468-ge57f7f99b4 to
                  | 0.29-a0-472-ge5599a681e
 10807 | D:9      | Noticed a two-headed ogre
 10854 | D:9      | Killed a two-headed ogre
 11085 | D:9      | Reached skill level 14 in Stealth
 11399 | D:9      | Found a staircase to the Lair.
 12048 | D:10     | Entered Level 10 of the Dungeon
 12542 | D:10     | Reached skill level 15 in Stealth
 12668 | D:10     | Reached XP level 11. HP: 50/56 MP: 12/12
 12716 | D:10     | Reached skill level 10 in Bows
 13646 | D:10     | Found Firaeps's Weapon Shop.
 14247 | D:11     | Noticed an orc knight
 14293 | D:11     | Noticed a purple ugly thing
 14593 | D:11     | Noticed a four-headed hydra
 14600 | D:11     | Killed a four-headed hydra
 14666 | D:11     | Found a staircase to the Orcish Mines.
 15028 | D:11     | Reached skill level 10 in Dodging
 15058 | D:11     | Killed a purple ugly thing
 15164 | D:11     | Upgraded the game from 0.29-a0-472-ge5599a681e to
                  | 0.29-a0-474-gdfe5cd140f
 15256 | D:11     | HP: 2/58 [cyclops/large rock (32)]
 16158 | D:11     | Killed an orc knight
 16860 | D:11     | Noticed a six-headed hydra
 16914 | D:11     | Killed a six-headed hydra
 17395 | Temple   | Entered the Ecumenical Temple
 17529 | Temple   | Became a worshipper of Sif Muna the Loreminder
 17676 | D:12     | Reached skill level 16 in Stealth
 17844 | D:12     | Reached skill level 1 in Spellcasting
 17895 | D:12     | Noticed a sphinx
 17901 | D:12     | Found a runed translucent gate.
 17901 | D:12     | Found a runed translucent gate.
 17901 | D:12     | Found a runed translucent gate.
 17901 | D:12     | Noticed a deep elf pyromancer
 17902 | D:12     | Noticed Taurus's ghost (journeyman MiFi)
 18388 | D:12     | Noticed a deep elf pyromancer
 18391 | D:12     | Killed a deep elf pyromancer
 18445 | D:12     | Noticed a skeletal warrior
 18466 | D:12     | Noticed a tengu warrior
 18491 | D:12     | Noticed a boulder beetle
 18498 | D:12     | Killed a boulder beetle
 18499 | D:12     | Reached XP level 12. HP: 63/63 MP: 16/16
 18950 | D:12     | Found an ancient bone altar of Kikubaaqudgha.
 18977 | D:12     | Noticed a two-headed ogre
 19230 | D:12     | Killed a two-headed ogre
 20656 | Lair:1   | Entered Level 1 of the Lair of Beasts
 20762 | Lair:1   | Found a frozen archway.
 20774 | IceCv    | Entered an ice cave
 21001 | IceCv    | HP: 3/63 [ice devil (11)]
 21039 | IceCv    | Slain by an entropy weaver simulacrum

Illustrated notes

Levels and vault maps discovered:
D:1:      saegor_arrival_simple_d, layout_basic,
          chequers_ecumenical_altar_island, serial_shops, shop, minivault_26,
          roderic_st_hans_cross
D:2:      layout_basic, basic_altar, uniq_natasha
D:3:      layout_rooms
D:4:      layout_cave_pools, minmay_misc_feat_ornament, lemuel_flame_loot_1
D:5:      minmay_inner_zag, layout_basic, uniq_edmund
D:6:      layout_cave_pools, uniq_crazy_yiuf_cottage
D:7:      kennysheep_steamy, layout_loops_ring, minmay_temple_entry_statues
D:8:      layout_rooms, uniq_prince_ribbit1
D:9:      layout_layer_cave, mainiacjoe_overflow_paths, minmay_lair_entry_grove
D:10:     layout_irregular_city, serial_shops, nicolae_shop_statue_plus
D:11:     layout_cave_pools, david_orc_5, serial_rivers,
          chequers_serial_rivers_micro_d, chequers_serial_rivers_large_a,
          chequers_serial_rivers_marsh, chequers_serial_rivers_micro_c,
          chequers_serial_rivers_small_b, nicolae_twisting_strands
D:12:     layout_basic, gammafunk_ghost_split,
          nicolae_kikubaaqudgha_miasma_corner
Temple:   kilobyte_greek_temple
Lair:1:   layout_loops_ring, portal_ice_cave_entry_ice_simulacra,
          minmay_stone_trees_medium, grunt_megastairs_2, lemuel_fruit_tree
IceCv:    ice_cave_tombish

Skill      XL: |  1  2  3  4  5  6  7  8  9 10 11 12 |
---------------+-------------------------------------+-----
Stealth        | 2 3 4 5 6 7 8 11 13 15 16 | 16.8
Dodging        | 3 4 5 6 8 9 10 11 | 11.3
Bows           | 5 6 7 8 9 11 | 11.6
Fighting       | 2 3 4 5 6 7 |  7.3
Short Blades   | 1 2 3 4 5 7 9 |  9.6
Spellcasting   | 2 4 |  4.0
Armour         | |  0.7

Action                   |  1- 3 |  4- 6 |  7- 9 | 10-12 || total
-------------------------+-------+-------+-------+-------++-------
Melee: Dagger            |       |    51 |   245 |   678 ||   974
       Punch             |       |     3 |     2 |    19 ||    24
 Fire: Shortbow          |   105 |   121 |   314 |   509 ||  1049
  Use: Scroll            |       |     4 |    15 |       ||    19
       Potion            |       |       |       |     5 ||     5
 Stab: Sleeping          |       |     6 |     3 |    15 ||    24
       Distracted        |       |     1 |     1 |     2 ||     4
Armor: Robe              |     2 |     6 |    11 |    14 ||    33
       Acid dragon scale |       |       |       |    10 ||    10
Dodge: Dodged            |    13 |    76 |   202 |   417 ||   708

Table legend: (Time is in decaauts)
 A = Elapsed time spent in this place.
 B = Non-inter-level travel time spent in this place.
 C = Inter-level travel time spent in this place.
 D = Time resting spent in this place.
 E = Time spent auto-exploring this place.
 F = Levels seen in this place.
 G = Mean time per level.
                   A        B        C        D        E       F      G
               +--------+--------+--------+--------+--------+-----+--------+
         Total |  15716 |  15312 |    404 |   4103 |   5185 |  15 | 1047.7 |
       Dungeon |  15338 |  14944 |    394 |   4001 |   5117 |  12 | 1278.2 |
        Temple |    102 |     93 |      9 |      0 |     68 |   1 |  102.0 |
          Lair |     71 |     71 |      0 |      0 |      0 |   1 |   71.0 |
      Ice Cave |    203 |    203 |      0 |    102 |      0 |   1 |  203.0 |
               +--------+--------+--------+--------+--------+-----+--------+

Top non-repeatable levels by time:
    D:11: 2378 daAuts
    D:12: 2137 daAuts
     D:8: 1935 daAuts
    D:10: 1858 daAuts
     D:9: 1504 daAuts
     D:7: 1430 daAuts
     D:5: 1189 daAuts
     D:6: 978 daAuts
     D:2: 735 daAuts
     D:4: 538 daAuts
     D:1: 419 daAuts
     D:3: 233 daAuts
   IceCv: 203 daAuts
  Temple: 102 daAuts
  Lair:1: 71 daAuts
